 Dungeon Crawl Stone Soup version 0.27.1-3-gb3d3a73c9e (webtiles) character file.

Game seed: 5586033550452672574

52 ABBCCCDDDD the Sneak (level 3, -1/24 HPs)
             Began as an Octopode Enchanter on Oct 7, 2021.
             Was an Initiate of Gozag.
             Slain by a hound (5 damage)
             ... on level 2 of the Dungeon.
             The game lasted 00:02:17 (2206 turns).

ABBCCCDDDD the Sneak (Octopode Enchanter)           Turns: 2206, Time: 00:02:18

Health: -1/24      AC:  1    Str:  7    XL:     3   Next: 85%
Magic:  6/6        EV: 13    Int: 18    God:    Gozag
Gold:   152        SH:  0    Dex: 12    Spells: 5/6 levels left

rFire    . . .     SeeInvis .   e - +2 dagger (holy)
rCold    . . .     Faith    .   (no shield)
rNeg     . . .     Spirit   .   (helmet restricted)
rPois    .         Reflect  .   (no amulet)
rElec    .         Harm     .   (no ring)
rCorr    .         Rampage  .   (no ring)
Will     .....                  (no ring)
Stlth    +++.......             (no ring)
HPRegen  0.08/turn              (no ring)
MPRegen  0.10/turn              (no ring)
                                (no ring)
                                (no ring)

@: attractive, flying
A: almost no armour, amphibious, 8 rings, camouflage 1, gelatinous body 1,
(nimble swimmer 1), tentacles
a: Renounce Religion, Potion Petition, Call Merchant, Bribe Branch


You were on level 2 of the Dungeon.
You worshipped Gozag.
Gozag was aware of your devotion.
You visited 1 branch of the dungeon, and saw 2 of its levels.

You collected 184 gold pieces.
You paid 32 gold pieces to Gozag.

Inventory:

Hand Weapons
 a - a +1 dagger
 e - a +2 dagger of holy wrath (weapon)
Armour
 c - a +0 kite shield
Scrolls
 b - 2 scrolls of noise {unknown}
 d - a scroll of magic mapping {unknown}
 f - 2 scrolls of identify {unknown}
 h - a scroll of fog {unknown}
 i - a scroll of silence {unknown}
 j - 2 scrolls of amnesia {unknown}
Potions
 k - a potion of attraction


   Skills:
 + Level 1.6 Fighting
 + Level 2.1 Short Blades
 - Level 2.0 Dodging
 - Level 4.0 Stealth
 - Level 2.0 Spellcasting
 + Level 3.6 Hexes


You had 5 spell levels left.
You knew the following spells:

 Your Spells              Type           Power      Damage    Failure   Level
a - Corona                Hex            15%        N/A       4%          1

Your spell library contained the following spells:

 Spells                   Type           Power      Damage    Failure   Level
 Confusing Touch          Hex            14%        N/A       12%         3
 Tukima's Dance           Hex            14%        N/A       12%         3
 Ensorcelled Hibernation  Hex/Ice        16%        N/A       13%         2
 Dazzling Flash           Conj/Hex       16%        N/A       26%         3
 Silence                  Hex/Air        4%         N/A       94%         5
 Agony                    Necr           1%         N/A       99%         5


Dungeon Overview and Level Annotations

Branches:
Dungeon (2/15)

Altars:
Gozag


Innate Abilities, Weirdness & Mutations

You cannot wear most types of armour.
You are amphibious.
You can wear up to eight rings at the same time.
Your skin changes colour to match your surroundings (Stealth+).
Your rubbery body absorbs attacks. (AC +1, EV +1)
((You are camouflaged near water. (Stealth+)))
You have tentacles for arms and can constrict up to eight enemies at once.


Message History

The bat closely misses you. The bat hits you but does no damage.
You barely miss the bat. You grab the bat. You squeeze the bat.
You kill the bat!
You hit the hound but do no damage. You grab the hound.
You constrict the hound, but do no damage.
The hound completely misses you. The hound barely misses you.
You hit the hound but do no damage. You constrict the hound.
The hound bites you.
You hit the hound.
The hound is lightly wounded.
You constrict the hound. The hound bites you.
You barely miss the hound.
You squeeze the hound, but do no damage.
The hound is moderately wounded.
You constrict the hound, but do no damage.
The hound barely misses you. The hound bites you.
* * * LOW HITPOINT WARNING * * *
It was a potion of attraction.
You feel attractive to monsters.
You constrict the hound. The hound barely misses you.
It was a potion of curing.
You feel better.
You constrict the hound. The hound closely misses you. The hound bites you.
You hit the hound but do no damage.
The hound is moderately wounded.
You constrict the hound. The hound barely misses you.
You hit the hound but do no damage.
The hound is heavily wounded.
You constrict the hound, but do no damage.
The hound bites you.
* * * LOW HITPOINT WARNING * * *
It was a potion of flight.
You feel very buoyant.
You fly up into the air.
You constrict the hound. The hound barely misses you. The hound bites you.
* * * LOW HITPOINT WARNING * * *
It was a potion of magic.
Magic courses through your body.
You constrict the hound. The hound bites you.
You die...
Your body crumbles into a pile of gold.

## ♣.?(.. ♣..♣♣
♣♣♣..... ## ♣[....♣♣♣
♣.♣♣ ♣♣....♣♣♣ .#
♣...$..♣ ♣.♣♣
♣♣♣♣...♣♣♣ .# ♣$♣
♣♣.♣♣♣♣....♣♣♣ .#
♣.♣♣ ♣♣.....♣♣♣♣ .#
♣♣.♣♣♣ ♣♣♣♣...♣ .#
♣♣..♣♣♣
♣♣...♣♣♣♣♣♣♣♣♣ .#
♣♣♣..♣♣♣
♣..).......♣♣. .#
♣♣♣h@♣♣♣..♣♣♣♣♣♣♣....
.# ♣♣♣....♣♣ ♣♣♣♣♣ .#
### ♣♣♣♣♣♣ .#
#.###### ### .#
#.#....##### #####
#.# .# #.(.....<..#
#.#.# #.# .#
###......##.## #...#
#.# .# #........#..#
#.#.# ######.#
.###.#.....##.##
#.#.####......#


You could see a hound.

Levels and vault maps discovered:
D:1:      mushboom_english_gardens, layout_basic
D:2:      kb_forest_paths, layout_loops_ring, basic_altar,
          dreamdust_ecumenical_altar_grove, minmay_misc_feat_five,
          grunt_ministairs_5

Notes
Turn   | Place    | Note
-------+----------+-------------------------------------------
     0 | D:1      | ABBCCCDDDD the Octopode Enchanter began the quest for the
                  | Orb.
     0 | D:1      | Reached XP level 1. HP: 11/11 MP: 3/3
   640 | D:1      | Reached XP level 2. HP: 18/18 MP: 5/5
  1053 | D:2      | Reached skill level 1 in Fighting
  1269 | D:2      | Found a faded altar of an unknown god.
  1406 | D:2      | Found an opulent altar of Gozag.
  1483 | D:2      | Became a worshipper of Gozag Ym Sagoz the Greedy
  1756 | D:2      | Reached XP level 3. HP: 23/23 MP: 6/6
  2206 | D:2      | Slain by a hound

Table legend: (Time is in decaauts)
 A = Elapsed time spent in this place.
 B = Non-inter-level travel time spent in this place.
 C = Inter-level travel time spent in this place.
 D = Time resting spent in this place.
 E = Time spent auto-exploring this place.
 F = Levels seen in this place.
 G = Mean time per level.
                   A        B        C        D        E       F      G
               +--------+--------+--------+--------+--------+-----+--------+
         Total |   2200 |   2103 |     97 |      0 |   1857 |   2 | 1100.0 |
       Dungeon |   2200 |   2103 |     97 |      0 |   1857 |   2 | 1100.0 |
               +--------+--------+--------+--------+--------+-----+--------+

Top non-repeatable levels by time:
     D:2: 1153 daAuts
     D:1: 1047 daAuts

Table legend:
 A = Kills in this place as a percentage of kills in entire the game.
 B = Kills by you in this place as a percentage of kills by you in the entire game.
 C = Kills by friends in this place as a percentage of kills by friends in the entire game.
 D = Other kills in this place as a percentage of other kills in the entire game.
 E = Experience gained in this place as a percentage of experience gained in the entire game.
 F = Experience gained in this place divided by the number of levels of this place that you have seen.
                   A       B       C       D       E      F
               +-------+-------+-------+-------+-------+----------------------
         Total | 100.0 | 100.0 |   N/A |   N/A | 100.0 |  37.5
       Dungeon | 100.0 | 100.0 |   N/A |   N/A | 100.0 |  37.5
               +-------+-------+-------+-------+-------+----------------------

Action                   || total
-------------------------++-------
Melee: Dagger            ||    60
       Tentacles         ||     9
       Constrict         ||    12
  Use: Potion            ||     4
 Stab: Sleeping          ||    15
Armor: Skin              ||     7
Dodge: Dodged            ||    33

Vanquished Creatures
  2 adders (D:2)
  A worm (D:2)
  2 dart slugs
  2 endoplasms
  4 goblins (D:2)
  2 hobgoblins
  2 quokkas
  A ball python (D:2)
  2 bats (D:2)
  2 frilled lizards
  3 kobolds
  6 rats
29 creatures vanquished.
